 Dungeon Crawl Stone Soup version 0.25.0-9-g26727b657a (webtiles) character file.

Game seed: 4316302322016192593

16 Matador8 the Caller (level 2, 0/22 HPs)
             Began as a Naga Summoner on June 21, 2020.
             Slain by a frilled lizard (2 damage)
             ... on level 2 of the Dungeon.
             The game lasted 00:02:53 (1380 turns).

Matador8 the Caller (Naga Summoner)                 Turns: 1380, Time: 00:02:55

Health: 0/22       AC:  1    Str: 10    XL:     2   Next: 58%
Magic:  2/5        EV: 10    Int: 15    God:
Gold:   48         SH:  0    Dex: 11    Spells: 2/5 levels left

rFire    . . .     SeeInvis +   b - +0 mace
rCold    . . .     Gourm    .   (no shield)
rNeg     . . .     Faith    .   a - +0 robe
rPois    +         Spirit   .   (no helmet)
rElec    .         Reflect  .   (no cloak)
rCorr    .         Harm     .   (no gloves)
MR       .....                  (no barding)
Stlth    ++........             (no amulet)
HPRegen  0.07/turn              (no ring)
MPRegen  0.09/turn              (no ring)

@: flying, very slow
A: large, see invisible, deformed body, poison resistance, slowness 2, slow
metabolism 1, spit poison 1, AC +0
a: Spit Poison


You were on level 2 of the Dungeon.
You were not hungry.

You visited 1 branch of the dungeon, and saw 2 of its levels.

You collected 48 gold pieces.

Inventory:

Hand Weapons
 b - a +0 mace (weapon)
 f - a +2 dagger of holy wrath
 j - a +0 dagger of flaming
Missiles
 e - a throwing net (quivered)
Armour
 a - a +0 robe (worn)
Scrolls
 d - a scroll of random uselessness {unknown}
 h - a scroll of remove curse {unknown}
 k - a scroll of amnesia {unknown}
Comestibles
 c - 2 rations


   Skills:
 - Level 1.5 Dodging
 + Level 3.4 Stealth
 * Level 2.4 Spellcasting
 * Level 4.2 Summonings


You had 2 spell levels left.
You knew the following spells:

 Your Spells              Type           Power        Failure   Level  Hunger
a - Summon Small Mammal   Summ           ##..         3%          1    #......
b - Call Imp              Summ           ##......     5%          2    ###....

Your spell library contained the following spells:

 Spells                   Type           Power        Failure   Level  Hunger
 Call Canine Familiar     Summ           ##......     11%         3    ###....
 Summon Guardian Golem    Hex/Summ       #.......     26%         3    ###....
 Summon Ice Beast         Ice/Summ       #.......     65%         4    #####..
 Summon Lightning Spire   Summ/Air       #.......     65%         4    #####..


Dungeon Overview and Level Annotations

Branches:
Dungeon (2/15)

Altars:


Innate Abilities, Weirdness & Mutations

You cannot wear boots.
Your serpentine skin is tough. (AC +0)
You have supernaturally acute eyesight. (SInv)
Armour fits poorly on your strangely shaped body.
Your system is resistant to poisons. (rPois)
You cover ground very slowly.
You have a slow metabolism.
You can spit poison.


Message History

The quokka barely misses you. The frilled lizard barely misses you.
The quokka bites you. x2; Your crimson imp misses the quokka.
Casting: Call Imp (safe; 5% risk of failure)
Confirm with . or Enter, or press ? or * to list all spells.
The quokka barely misses you. The frilled lizard bites you.
The quokka bites you.
Your crimson imp hits the quokka.
The quokka bites you.
* * * LOW HITPOINT WARNING * * *
The frilled lizard closely misses you. The quokka bites you.
* * * LOW HITPOINT WARNING * * *
Your crimson imp misses the quokka.
Your rat bites the quokka but does no damage.
It was a potion of flight.
You feel very buoyant.
You fly up into the air.
The quokka bites you but does no damage.
The quokka bites you.
* * * LOW HITPOINT WARNING * * *
The frilled lizard bites you.
You die...

.# ##.#
...# #
#..#
#.!..##
#r#..<#
#5rr..#
#@l.#
#####


You could see 2 quokkas, a frilled lizard, a friendly crimson imp (summoned) and
a friendly rat (summoned).

Vanquished Creatures
  A dart slug (D:1)
  4 goblins (D:1)
  3 bats (D:1)
  2 kobolds (D:1)
  A rat (D:1)
11 creatures vanquished.

Vanquished Creatures (collateral kills)
  A goblin (D:1)
  A hobgoblin (D:1)
  A ball python (D:1)
3 creatures vanquished.

Grand Total: 14 creatures vanquished

Notes
Turn   | Place    | Note
-------+----------+-------------------------------------------
     0 | D:1      | Matador8 the Naga Summoner began the quest for the Orb.
     0 | D:1      | Reached XP level 1. HP: 15/15 MP: 3/3
   384 | D:1      | Reached XP level 2. HP: 22/22 MP: 5/5
   391 | D:1      | Learned a level 2 spell: Call Imp
  1380 | D:2      | Slain by a frilled lizard

Illustrated notes

Levels and vault maps discovered:
D:1:      dpeg_arrival_arbitrary_b, layout_basic
D:2:      layout_basic, first_ration

Action                   || total
-------------------------++-------
Melee: Mace              ||    34
 Cast: Summon Small Mamm ||     8
       Call Imp          ||     3
  Use: Potion            ||     1
 Stab: Sleeping          ||     4
  Eat: Chunk             ||     1
Armor: Robe              ||     9
Dodge: Dodged            ||    37
